 Dungeon Crawl Stone Soup version 0.27.1-37-g7b29ead8ac (webtiles) character file.

Game seed: 9986141663042515170

294 AarnesTheHuman the Changer (level 6, -12/44 HPs)
             Began as a Merfolk Transmuter on Aug 24, 2023.
             Killed from afar by Dowan (13 damage)
             ... with a puff of flame
             ... on level 4 of the Dungeon.
             The game lasted 00:06:15 (4088 turns).

AarnesTheHuman the Changer (Merfolk Transmuter)     Turns: 4088, Time: 00:06:15

Health: -12/44     AC:  4    Str: 10    XL:     6   Next: 33%
Magic:  7/10       EV: 13    Int: 15    God:
Gold:   155        SH:  0    Dex: 14    Spells: 3/10 levels left

rFire    . . .     SeeInvis .   a - +2 mace (drain)
rCold    . . .     Faith    .   (no shield)
rNeg     . . .     Spirit   .   e - +0 robe
rPois    .         Reflect  .   (helmet currently unavailable)
rElec    .         Harm     .   (no cloak)
rCorr    .         Rampage  .   g - +1 pair of gloves
Will     +....                  (boots currently unavailable)
Stlth    +.........             (no amulet)
HPRegen  0.14/turn              o - ring of willpower
MPRegen  0.12/turn              (no ring)

@: appendages
A: horns 2, (nimble swimmer 2), mertail
a: End Transformation


You were on level 4 of the Dungeon.
You had temporarily grown beastly horns.
You visited 1 branch of the dungeon, and saw 4 of its levels.

You collected 155 gold pieces.

Inventory:

Hand Weapons
 a - a +2 mace of draining (weapon)
 b - a +0 hunting sling
 x - a +0 dagger
Missiles
 l - 24 stones
 n - 12 poisoned darts
Armour
 e - a +0 robe (worn)
 g - a +1 pair of gloves (worn)
Jewellery
 o - a ring of willpower (left hand)
 w - an amulet of faith
Scrolls
 j - 2 scrolls of magic mapping
Potions
 c - a potion of haste
 h - a potion of flight
 i - a potion of invisibility {unknown}
 m - a potion of berserk rage {unknown}
 p - a potion of mutation
 q - 2 potions of attraction
 s - a potion of might {unknown}
 u - a potion of curing {unknown}
 z - a potion of ambrosia {unknown}


   Skills:
 + Level 2.2 Fighting
 - Level 4.0 Dodging
 - Level 3.2 Unarmed Combat
 + Level 2.7 Spellcasting
 + Level 6.5 Transmutations
 + Level 1.8 Ice Magic


You had 3 spell levels left.
You knew the following spells:

 Your Spells              Type           Power      Damage    Failure   Level
a - Beastly Appendage     Tmut           42%        N/A       1%          1
b - Wereblood             Tmut           21%        N/A       2%          2
c - Ice Form              Ice/Tmut       14%        N/A       36%         4

Your spell library contained the following spells:

 Spells                   Type           Power      Damage    Failure   Level
 Spider Form              Tmut/Pois      5%         N/A       16%         3
 Corona                   Hex            2%         N/A       21%         1
 Ensorcelled Hibernation  Hex/Ice        8%         N/A       22%         2
 Tukima's Dance           Hex            2%         N/A       52%         3


Dungeon Overview and Level Annotations

Branches:
Dungeon (4/15)
 Temple: D:4-7

Altars:

Annotations:
D:4 Dowan


Innate Abilities, Weirdness & Mutations

You have temporarily grown beastly horns.
((You are quick and stealthy near water. (Stealth+, EV+, Speed+++)))
Your lower body shifts to a powerful aquatic tail in water.


Message History

Dowan blinks!
Duvessa hits you with a +0 short sword.
You hit Duvessa but do no damage.
Duvessa is almost dead.
Your primal bloodlust is almost over.
Duvessa closely misses you. Duvessa misses you.
You barely miss Duvessa.
Duvessa is almost dead.
Your transformation is almost over.
Duvessa is no longer moving quickly.
Duvessa hits you with a +0 short sword.
* * * LOW HITPOINT WARNING * * *
Duvessa closely misses you.
You hit Duvessa.
You feel a bit better.
You kill Duvessa!
You hear a distant wail of despair.
Your Fighting skill increases to level 2!
You have reached level 6!
Your experience leads to an increase in your attributes!
Increase (S)trength, (I)ntelligence, or (D)exterity?
You feel clever.
Casting: Beastly Appendage (safe; 1% risk of failure)
Confirm with . or Enter, or press ? or * to list all spells.
You extend your transformation's duration.
Dowan seems to find hidden reserves of power!
Dowan zaps a wand.
The puff of flame hits you!
* * * LOW HITPOINT WARNING * * *
You hit Dowan but do no damage. You drain Dowan.
Dowan is severely wounded.
Your primal bloodlust has ended.
Dowan zaps a wand.
The puff of flame misses you.
Dowan says, "Her death will not be in vain!"
Dowan hits you but does no damage.
You barely miss Dowan. Your headbutt misses Dowan.
Dowan is severely wounded.
Dowan zaps a wand.
The puff of flame misses you. Dowan misses you.
You hit Dowan but do no damage. You drain Dowan. Your headbutt misses Dowan.
Dowan is severely wounded.
Dowan zaps a wand.
The puff of flame hits you.
* * * LOW HITPOINT WARNING * * *
Dowan zaps a wand.
The puff of flame hits you!
You die...

#.....# *,,,,* ##.#.#.#
****,*
###......##########.#
#.......##..........#
###.##.....#####.##.#
#####..#.###.#####.##.#
...<..............>...##
..#.##...#########.#...#
#*#.............@e.#.#.#***
* ###......#.#####...#,..,*
****#........,,,*####.....#
,,,,,,###....*,,* *,###.#
**,**,***###.,,,*** *,* *,*
**,**,**,,,,,,,,,,* *,* ***
**,,,,**,,,***,,*****,*
********,,,****,*,,,,,*
*****,,,,,,,,*,***


You could see Dowan (fast, drained).

Vanquished Creatures
  Duvessa (D:4)
  An orc priest (D:3)
  Natasha (thrice) (D:3)
  2 adders (D:3)
  2 worms (D:2)
  A dart slug (D:1)
  9 orcs (D:3)
  5 ball pythons
  3 endoplasms
  A giant cockroach (D:1)
  3 goblins
  2 hobgoblins
  2 jackals (D:1)
  3 quokkas (D:1)
  6 bats
  4 frilled lizards
  6 kobolds
  6 rats
60 creatures vanquished.

Notes
Turn   | Place    | Note
-------+----------+-------------------------------------------
     0 | D:1      | AarnesTheHuman the Merfolk Transmuter began the quest for
                  | the Orb.
     0 | D:1      | Reached XP level 1. HP: 15/15 MP: 3/3
   121 | D:1      | Reached skill level 3 in Transmutations
   526 | D:1      | Reached XP level 2. HP: 21/21 MP: 3/5
   601 | D:1      | Found a faded altar of an unknown god.
   724 | D:1      | Reached skill level 4 in Transmutations
  1230 | D:1      | Reached XP level 3. HP: 25/26 MP: 4/6
  1574 | D:2      | Learned a level 2 spell: Wereblood
  1790 | D:2      | Reached skill level 5 in Transmutations
  2832 | D:3      | Reached XP level 4. HP: 25/31 MP: 5/7
  3010 | D:3      | Noticed Natasha
  3014 | D:3      | Killed Natasha
  3291 | D:3      | Noticed Natasha
  3301 | D:3      | Killed Natasha
  3302 | D:3      | Reached skill level 6 in Transmutations
  3302 | D:3      | Reached XP level 5. HP: 35/37 MP: 4/8
  3307 | D:3      | Learned a level 4 spell: Ice Form
  3516 | D:3      | Noticed Natasha
  3522 | D:3      | Killed Natasha
  3662 | D:3      | Reached skill level 1 in Ice Magic
  4059 | D:4      | Noticed Dowan
  4063 | D:4      | Noticed Duvessa
  4084 | D:4      | Killed Duvessa
  4085 | D:4      | Reached XP level 6. HP: 16/44 MP: 7/10
  4088 | D:4      | HP: 1/44 [Dowan/puff of flame (6)]
  4088 | D:4      | Killed from afar by Dowan

Illustrated notes

Levels and vault maps discovered:
D:1:      dpeg_arrival_rhombus, layout_basic,
          hellmonk_ecumenical_altar_pennies_from_heaven, item_on_display_a
D:2:      layout_rooms
D:3:      layout_basic, uniq_natasha
D:4:      layout_basic, chequers_temple_overflow_statue_of_worship, uniq_duvessa

Skill      XL: |  1  2  3  4  5 |
---------------+----------------+-----
Transmutations | 3 4 5 6 |  6.5
Dodging        | 3 4 |  4.0
Ice Magic      | 1 |  1.8
Fighting       | 2 |  2.2
Unarmed Combat | |  3.2
Spellcasting   | |  2.7

Action                   |  1- 3 |  4- 6 || total
-------------------------+-------+-------++-------
Melee: Dagger            |   203 |       ||   203
       Headbutt          |    25 |     9 ||    34
       Unarmed           |     5 |       ||     5
       Punch             |     1 |     1 ||     2
       Mace              |       |    56 ||    56
 Cast: Beastly Appendage |    33 |    15 ||    48
       Wereblood         |    10 |    10 ||    20
  Use: Scroll            |       |    10 ||    10
 Stab: Sleeping          |     4 |       ||     4
Armor: Robe              |    80 |    15 ||    95
Dodge: Dodged            |   141 |    43 ||   184
